AoeStats
← DeathByTaxation

Arabia

510617310Analyzed
1v1 RM · 1d ago on Oct 1, 2026· 37m 38s· 2 players
Game mode
Random Map
Map size
Tiny (2 player)
Population
200
Speed
Normal
Resources
Standard
Victory
Conquest
Starting age
Dark Age
Ending age
Imperial Age
RankedLock teamsTeams togetherTeam positionsShared explorationLock speedFull tech treeHidden civsTurbo modeCheats
Victory
Defeat
🇺🇸 Vietnamese · United States
690
+14
🇺🇸 Bohemians · United States
652
-14
Razzles
4:55 Loom
11:10 Feudal Age
12:53 Double-Bit Axe
14:16 Wheelbarrow
18:45 Castle Age
17:46 Fletching
18:43 Horse Collar
21:22 Town Watch
24:00 Murder Holes
25:16 Husbandry
26:12 Bodkin Arrow
29:08 Forging
30:03 Squires
30:07 Light Cavalry
31:21 Scale Barding Armor
33:06 Bow Saw
37:27 Imperial Age
37:08 Wagenburg Tactics
38:08 Ballistics
DeathByTaxation
10:33 Feudal Age
13:39 Double-Bit Axe
17:54 Loom
22:07 Castle Age
21:56 Fletching
22:07 Padded Archer Armor
22:13 Crossbowman
22:19 Pikeman
24:41 Squires
25:23 Bow Saw
26:11 Horse Collar
28:14 Scale Barding Armor
28:41 Bloodlines
28:36 Husbandry
27:58 Light Cavalry
29:58 Forging
32:38 Arson
33:02 Scale Mail Armor
32:59 Bodkin Arrow
39:26 Imperial Age
Connection lost

Rejoining the realm…

Still unreachable

The connection could not be restored.

Session expired

The server has moved on; the page needs a fresh start.